 Dungeon Crawl Stone Soup version 0.28.0-45-g0d030f2227 (webtiles) character file.

Game seed: 14451824893968189145

39 Ablot the Grasshopper (level 3, -4/31 HPs)
             Began as a Gnoll Warper on Apr 1, 2022.
             Slain by a scorpion (7 damage)
             ... on level 2 of the Dungeon.
             The game lasted 00:01:16 (1227 turns).

Ablot the Grasshopper (Gnoll Warper)                Turns: 1227, Time: 00:01:17

Health: -4/31      AC:  3    Str: 11 (12) XL:     3   Next: 45%
Magic:  7/9        EV:  9    Int:  9 (12) God:
Gold:   20         SH:  0    Dex: 10 (11) Spells: 10/12 levels left

rFire   . . .      SeeInvis .   a - +0 spear
rCold   . . .      Faith    .   (no shield)
rNeg    . . .      Spirit   .   b - +0 leather armour
rPois   .          Reflect  .   (no helmet)
rElec   .          Harm     .   (no cloak)
rCorr   .          Rampage  .   (no gloves)
Will    .....                   (no boots)
Stlth   +.........              (no amulet)
HPRegen 0.10/turn               (no ring)
MPRegen 0.11/turn               (no ring)

@: mighty, lethally poisoned (-4 -> -7), on blink cooldown, hasted, constricted,
very quick
A: fangs 1, strong nose, distributed training
a: no special abilities


You were on level 2 of the Dungeon.
You visited 1 branch of the dungeon, and saw 2 of its levels.

You collected 20 gold pieces.

Inventory:

Hand Weapons
 a - a +0 spear (weapon)
Missiles
 d - 5 boomerangs of dispersal (quivered)
 m - 17 stones
Armour
 b - a +0 leather armour (worn)
 g - a +0 buckler
Wands
 k - a wand of mindburst (10)
Scrolls
 c - a scroll of blinking
 h - a scroll of summoning {unknown}
 i - a scroll of magic mapping {unknown}
 l - a scroll of identify {unknown}
Potions
 f - a potion of degeneration
 j - a potion of haste


   Skills:
 + Level 4.5 Fighting
 + Level 0.8 Short Blades
 + Level 0.8 Long Blades
 + Level 0.8 Axes
 + Level 0.8 Maces & Flails
 + Level 4.5 Polearms
 + Level 0.8 Staves
 + Level 0.8 Slings
 + Level 0.8 Bows
 + Level 0.8 Crossbows
 + Level 2.6 Throwing
 + Level 2.6 Armour
 + Level 4.5 Dodging
 + Level 0.8 Stealth
 + Level 0.8 Shields
 + Level 0.8 Unarmed Combat
 + Level 5.0 Spellcasting
 + Level 0.5 Conjurations
 + Level 0.5 Hexes
 + Level 0.5 Summonings
 + Level 0.5 Necromancy
 + Level 5.4 Translocations
 + Level 0.5 Transmutations
 + Level 0.5 Fire Magic
 + Level 0.5 Ice Magic
 + Level 0.5 Air Magic
 + Level 0.5 Earth Magic
 + Level 0.5 Poison Magic
 + Level 1.0 Invocations
 + Level 0.8 Evocations


You had 10 spell levels left.
You knew the following spells:

 Your Spells              Type           Power      Damage    Failure   Level
a - Blink                 Tloc           24%        N/A       5%          2

Your spell library contained the following spells:

 Spells                   Type           Power      Damage    Failure   Level
 Gell's Gravitas          Tloc           12%        N/A       11%         3
 Lesser Beckoning         Tloc           12%        N/A       11%         3
 Teleport Other           Tloc           12%        N/A       11%         3
 Manifold Assault         Tloc           12%        N/A       67%         5


Dungeon Overview and Level Annotations

Branches:
Dungeon (2/15)

Altars:


Innate Abilities, Weirdness & Mutations

You have very sharp teeth.
Your uncanny sense of smell can sniff out nearby items.
Your experience applies equally to all skills.


Message History

The ball python bites you. The ball python barely misses you.
You closely miss the scorpion. Your bite misses the scorpion.
The scorpion is lightly wounded.
You feel very sick.
The scorpion stings you but does no damage.
The ball python bites you but does no damage.
The ball python misses you. The kobold hits you but does no damage.
You are too injured to fight recklessly!
You are too injured to fight recklessly!
Unknown command.
Casting: Blink (safe; 4% risk of failure)
Confirm with . or Enter, or press ? or * to list all spells.
You blink.
You feel sick.
Unknown command.
It was a potion of degeneration.
There was something very wrong with that liquid.
You feel weakened.
You feel dopey.
You feel clumsy.
You feel sick. The kobold hits you with a +0 dagger.
* * * LOW HITPOINT WARNING * * *
Unknown command.
It was a potion of haste.
You feel yourself speed up.
You feel sick. The ball python misses you. The ball python grabs you.
The ball python constricts you. The kobold hits you but does no damage.
Unknown command.
Save game and exit?
Okay, then.
It was a potion of might.
You feel very mighty all of a sudden.
You feel sick. The ball python bites you.
* * * LOW HITPOINT WARNING * * *
The ball python constricts you.
* * * LOW HITPOINT WARNING * * *
The rat misses you.
You puncture the scorpion! Your bite misses the scorpion.
The scorpion is heavily wounded.
* * * LOW HITPOINT WARNING * * *
You feel sick. The ball python barely misses you.
The ball python constricts you. The kobold barely misses you.
The scorpion stings you!
You die...

#..#.##.#.##..# .........
).#.##.#.##...# .........
†#.##.#.##....# # .........
.)##.#.##.#...# .# .........
.##.#.##.#.#..# #'#####......<#
##.#†##.#.##..####.....##.......#
#.#.##.#.##.....................#
.#.##.#.###....Ks..............##
#.##.#.## #....S@..............
.##.#.## #....r....#####......
##.#.## ...........# #######
#.#.## ............. .#.##
...........!.... #.##
............... ##
............... ...####+##.....


You could see a scorpion, a ball python, a kobold and a rat.

Vanquished Creatures
  2 adders (D:2)
  An endoplasm (D:1)
  3 goblins
  A hobgoblin (D:1)
  2 jackals (D:1)
  5 bats
  3 frilled lizards
  2 kobolds (D:1)
  2 rats
21 creatures vanquished.

Notes
Turn   | Place    | Note
-------+----------+-------------------------------------------
     0 | D:1      | Ablot the Gnoll Warper began the quest for the Orb.
     0 | D:1      | Reached XP level 1. HP: 20/20 MP: 6/6
   373 | D:1      | Reached XP level 2. HP: 26/26 MP: 7/7
   377 | D:1      | Learned a level 2 spell: Blink
   572 | D:1      | Found a faded altar of an unknown god.
  1003 | D:2      | Reached skill level 5 in Spellcasting
  1003 | D:2      | Reached XP level 3. HP: 24/31 MP: 7/9
  1094 | D:2      | Reached skill level 1 in Invocations
  1209 | D:2      | Noticed a scorpion
  1227 | D:2      | Slain by a scorpion

Illustrated notes

Levels and vault maps discovered:
D:1:      roderic_octagonal_star, layout_basic,
          chequers_ecumenical_altar_simple_redux
D:2:      minmay_inner_zag, layout_basic, minivault_11

Skill      XL: |  1  2  3 |
---------------+----------+-----
Spellcasting   | 5 |  5.0
Invocations    | 1 |  1.0
Fighting       | |  4.5
Short Blades   | |  0.8
Long Blades    | |  0.8
Axes           | |  0.8
Maces & Flails | |  0.8
Polearms       | |  4.5
Staves         | |  0.8
Slings         | |  0.8
Bows           | |  0.8
Crossbows      | |  0.8
Throwing       | |  2.6
Armour         | |  2.6
Dodging        | |  4.5
Stealth        | |  0.8
Shields        | |  0.8
Unarmed Combat | |  0.8
Conjurations   | |  0.5
Hexes          | |  0.5
Summonings     | |  0.5
Necromancy     | |  0.5
Translocations | |  5.4
Transmutations | |  0.5
Fire Magic     | |  0.5
Ice Magic      | |  0.5
Air Magic      | |  0.5
Earth Magic    | |  0.5
Poison Magic   | |  0.5
Evocations     | |  0.8

Action                   || total
-------------------------++-------
Melee: Spear             ||    85
       Bite              ||     3
 Cast: Blink             ||     1
  Use: Potion            ||     3
 Stab: Sleeping          ||     1
Armor: Leather armour    ||    25
Dodge: Dodged            ||    39
